 Dungeon Crawl Stone Soup version 0.19-a0-1007-g133f65f (webtiles) character file.

116 epen the Ruffian (level 4, -2/36 HPs)
             Began as a Draconian Transmuter on July 21, 2016.
             Killed by divine providence
             ... invoked by an orc priest
              (10 damage)
             ... on level 3 of the Dungeon.
             The game lasted 00:04:00 (3159 turns).

epen the Ruffian (Draconian Transmuter)             Turns: 3159, Time: 00:04:06

Health: -2/36      AC:  2    Str: 12    XL:     4   Next: 70%
Magic:  12/17      EV: 20    Int: 15    God:
Gold:   118        SH:  0    Dex: 16    Spells: 3 memorised, 3 levels left

rFire  . . .     SeeInvis .       - Unarmed
rCold  . . .     Gourm    .     (armour unavailable)
rNeg   . . .     Faith    .     (shield currently unavailable)
rPois  x         Spirit   .     (helmet currently unavailable)
rElec  .         Dismiss  .     (cloak currently unavailable)
rCorr  .         Reflect  .     (gloves currently unavailable)
SustAt +         Harm     .     (boots currently unavailable)
MR     .....                    (no amulet)
Stlth  +.........               n - ring of sustain attributes
                                k - ring of magical power

@: spider-form (expiring), very slightly contaminated, not resistant to hostile
enchantments, very unstealthy
A: unfitting armour, (cold-blooded), AC +5
a: End Transformation


You were on level 3 of the Dungeon.
You were hungry.
You were a venomous arachnid creature.
You visited 1 branch of the dungeon, and saw 3 of its levels.

You collected 118 gold pieces.

Inventory:

Missiles
 a - 35 arrows
Jewellery
 k - a ring of magical power (left front leg)
 n - a ring of sustain attributes (right front leg)
Wands
 r - a wand of iceblast (5/15)
Scrolls
 d - a scroll of enchant armour {unknown}
 f - a scroll of amnesia {unknown}
 h - a scroll of recharging {unknown}
 i - 2 scrolls of remove curse {unknown}
 j - a scroll of fear {unknown}
 m - 2 scrolls of fog {unknown}
 o - a scroll of identify {unknown}
Potions
 c - a potion of invisibility {unknown}
 e - a potion of resistance {unknown}
 g - 3 potions of curing {unknown}
 q - a potion of magic {unknown}
Books
 b - a book of Changes

   Spells                             Type                      Level
   a - Beastly Appendage              Transmutation                1
   b - Sticks to Snakes               Transmutation                2
   c - Spider Form                    Transmutation/Poison         3
   d - Ice Form                       Ice/Transmutation            4
   e - Blade Hands                    Transmutation                5
Comestibles
 l - 4 fruits
 p - a bread ration
 s - a meat ration
 t - a slice of pizza


   Skills:
 + Level 1.9 Fighting
 + Level 2.2 Dodging
 + Level 3.4 Unarmed Combat
 * Level 3.0 Spellcasting
 * Level 3.2 Transmutations


You had 3 spell levels left.
You knew the following spells:

 Your Spells              Type           Power        Failure   Level  Hunger
a - Beastly Appendage     Tmut           ##....       17%         1    #......
b - Sticks to Snakes      Tmut           ##......     24%         2    ##.....
c - Spider Form           Tmut/Pois      #.........   56%         3    ###....


Dungeon Overview and Level Annotations

Branches:
Dungeon (3/15)

Altars:
Pakellas
Xom


Innate Abilities, Weirdness & Mutations

((Your plain brown scales are hard. (AC +5)))
Your body does not fit into most forms of armour.
((You are cold-blooded and may be slowed by cold attacks.))


Message History

Things that are here:
a falchion; a ring mail; an orc corpse You hit the orc priest but do no damage.
The orc priest is poisoned.
The orc priest misses you. The orc completely misses you.
You hit the orc priest.
The orc priest is moderately wounded.
The orc priest misses you. The orc misses you.
You hit the orc priest but do no damage.
The orc priest looks even sicker.
The orc priest is heavily wounded.
Your transformation is almost over.
The orc priest closely misses you.
You completely miss the orc priest.
The orc priest is heavily wounded.
The orc hits you with a mace.
* * * LOW HITPOINT WARNING * * *
The orc priest mumbles some strange prayers to Beogh against you.
Beogh smites you!
You die...

##..#.._..#..##.##.....#
#..#.......#..#.##..†..#
#.###########.#.##.....#
#......≈......#.##.....#
####...≈....# #.##.....#
#.≈≈≈≈≈..# #.##.....#
#..§§§.§.# #....>#
###§§o#... ......# #(.s#
# ###o....... ##.......
....... ....... ######+


You could see an orc priest and an orc.

Vanquished Creatures
  3 adders (D:2)
  2 oozes
  A worm (D:3)
  A dart slug (D:2)
  A giant gecko (D:3)
  An orc (D:3)
  6 bats
  4 giant cockroaches
  5 goblins
  5 hobgoblins
  7 jackals
  5 quokkas
  A ball python (D:2)
  4 giant newts
  5 kobolds
  3 rats
54 creatures vanquished.

Vanquished Creatures (collateral kills)
  2 adders (D:2)
  2 worms (D:2)
  A hobgoblin (D:1)
  A goblin (D:2)
  A kobold (D:2)
7 creatures vanquished.

Grand Total: 61 creatures vanquished

Notes
Turn   | Place    | Note
-------+----------+-------------------------------------------
     0 | D:1      | epen the Draconian Transmuter began the quest for the Orb.
     0 | D:1      | Reached XP level 1. HP: 16/16 MP: 3/3
   246 | D:1      | Reached XP level 2. HP: 16/23 MP: 5/5
   984 | D:1      | Learned a level 2 spell: Sticks to Snakes
  1257 | D:2      | Reached XP level 3. HP: 11/29 MP: 1/6
  1628 | D:2      | HP: 1/29 [worm (10)]
  2047 | D:2      | Found a shimmering altar of Xom.
  2072 | D:2      | Reached XP level 4. HP: 22/36 MP: 5/8
  2797 | D:2      | Learned a level 3 spell: Spider Form
  3091 | D:3      | Found an oddly glowing altar of Pakellas.
  3159 | D:3      | Killed from afar by an orc priest

Vault maps used:
D:1:      sevenhm_arrival_forest_fort_large_2
D:2:      xom_teletrap_fun, first_bread
D:3:      grunt_pakellas_sulfur

Skill      XL: |  1  2  3  4 |
---------------+-------------+-----
Dodging        | 2 |  2.2
Transmutations | 3 |  3.2
Spellcasting   | 3 |  3.0
Fighting       | |  1.9
Unarmed Combat | |  3.4

Action                   |  1- 3 |  4- 6 || total
-------------------------+-------+-------++-------
Melee: Unarmed           |   130 |   123 ||   253
       Tailslap          |    14 |    19 ||    33
       Punch             |     1 |     3 ||     4
 Cast: Sticks to Snakes  |     6 |     3 ||     9
       Beastly Appendage |     2 |     1 ||     3
       Spider Form       |       |     2 ||     2
 Stab: Sleeping          |     1 |     1 ||     2
       Distracted        |     1 |       ||     1
  Eat: Bread ration      |     1 |       ||     1
       Chunk             |       |     3 ||     3
Armor: Skin              |    47 |    37 ||    84
Dodge: Dodged            |   112 |    88 ||   200
